 Dungeon Crawl Stone Soup version 0.32-a0-471-gb91d5d9764 (webtiles) character file.

Game seed: 2926379002974048802

61259 Armakuni the Fencer (level 14, 0/110 HPs)
             Began as a Vampire Wanderer on Feb 25, 2024.
             Was a High Priest of Nemelex Xobeh.
             Slain by a cane toad (9 damage)
             ... on level 3 of the Lair of Beasts.
             The game lasted 01:02:49 (18869 turns).

Armakuni the Fencer (Vampire Wanderer)             Turns: 18869, Time: 01:02:49

Health: 0/110      AC: 19    Str: 19    XL:     14   Next: 60%
Magic:  23/23      EV: 10    Int: 12    God:    Nemelex Xobeh [*****.]
Gold:   575        SH:  0    Dex: 19    Spells: 13/13 levels left

rFire   . . .        a - +3 great sword (elec)
rCold   . . .        (shield currently unavailable)
rNeg    . . .        j - +3 plate armour {rPois}
rPois   +            d - +1 helmet
rElec   .            (no cloak)
rCorr   .            (no gloves)
SInv    +            v - +2 pair of boots {rampage}
Will    ++...        A - amulet of the acrobat Stlth
                     W - ring of willpower
HPRegen 0.58/turn    V - +6 ring of strength
MPRegen 0.18/turn

%: acrobat, rampage
@: lethally poisoned (0 -> -2), about to teleport, healing quickly
A: alive, fangs 3, see invisible, vampiric 2
a: Exsanguinate, Renounce Religion, Draw Escape, Draw Destruction, Draw
Summoning, Draw Stack, Triple Draw, Deal Four, Stack Five


You were on level 3 of the Lair of Beasts.
You worshipped Nemelex Xobeh.
Nemelex Xobeh was extremely pleased with you.
You visited 4 branches of the dungeon, and saw 18 of its levels.

You collected 2419 gold pieces.
You spent 1844 gold pieces at shops.

Inventory:

Hand Weapons
 a - a +3 great sword of electrocution (weapon)
 b - a +0 scimitar of flaming
 m - a +0 double sword of draining
Missiles
 g - a throwing net (quivered)
Armour
 d - a +1 helmet (worn)
 j - a +3 plate armour of poison resistance (worn)
 v - a +2 pair of boots of rampaging (worn)
Jewellery
 A - an amulet of the acrobat (around neck)
 F - the ring of Mutualism {Fire Dex+3 Slay+3}
   (You found it on level 5 of the Dungeon)

   [ring of fire]

   Fire:      It enhances your fire magic.
   Dex+3:     It affects your dexterity (+3).
   Slay+3:    It affects your accuracy & damage with ranged weapons and melee
   (+3).
   rF+:       It protects you from fire.
   rC-:       It makes you vulnerable to cold.
 J - a ring of ice
 L - a ring of flight
 V - a +6 ring of strength (right hand)
 W - a ring of willpower (left hand)
Wands
 p - a wand of paralysis (6)
 s - a wand of quicksilver (6)
 u - a wand of flame (9)
 w - a wand of mindburst (3)
 G - a wand of roots (3)
Scrolls
 c - 3 scrolls of vulnerability
 n - a scroll of immolation
 r - 3 scrolls of revelation
 x - 2 scrolls of amnesia
 y - a scroll of brand weapon {unknown}
 C - 2 scrolls of fog
Potions
 e - 2 potions of mutation {unknown}
 h - 2 potions of ambrosia
 i - 2 potions of curing
 k - 2 potions of haste
 l - a potion of resistance {unknown}
 q - 3 potions of enlightenment
 t - a potion of heal wounds
 z - 4 potions of lignification {unknown}
 B - a potion of magic {unknown}
 E - a potion of brilliance {unknown}
Miscellaneous
 f - a sack of spiders (inert)
 o - a phantom mirror (inert)


   Skills:
 - Level 10.0 Fighting
 - Level 3.0(12.9) Short Blades
 + Level 17.7(17.8) Long Blades
 - Level 5.0 Maces & Flails
 - Level 1.5 Ranged Weapons
 - Level 3.2 Throwing
 - Level 3.0 Armour
 - Level 10.0 Dodging
 - Level 13.0 Invocations


You had 13 spell levels left.
You didn't know any spells.
Your spell library contained the following spells:

 Spells                   Type           Power      Damage    Failure   Level
 Blink                    Tloc           0%         N/A       100%        2
 Ensorcelled Hibernation  Hex/Ice        0%         N/A       100%        2
 Lesser Beckoning         Tloc           0%         N/A       100%        2
 Momentum Strike          Conj/Tloc      0%         3d8       100%        2
 Dazzling Flash           Conj/Hex       0%         N/A       100%        3
 Fugue of the Fallen      Necr           0%         N/A       100%        3
 Mephitic Cloud           Conj/Alch/Air  0%         N/A       100%        3
 Ozocubu's Armour         Ice            0%         N/A       100%        3
 Passwall                 Erth           0%         N/A       100%        3
 Swiftness                Air            0%         N/A       100%        3
 Anguish                  Hex/Necr       0%         N/A       100%        4
 Animate Armour           Summ/Erth      0%         N/A       100%        4
 Summon Lightning Spire   Summ/Air       0%         N/A       100%        4
 Curse of Agony           Necr           0%         N/A       100%        5
 Lee's Rapid Deconstruct  Erth           0%         3d4*      100%        5
 Metabolic Englaciation   Hex/Ice        0%         N/A       100%        5
 Silence                  Hex/Air        0%         N/A       100%        5
 Sculpt Simulacrum        Ice/Alch       0%         N/A       100%        6


Dungeon Overview and Level Annotations

Branches:
Dungeon (12/15)            Temple (1/1) D:6            Lair (3/5) D:11
 Shoals (0/4) Lair:3        Snake (0/4) Lair:2          Orc (2/2) D:11
    Elf (0/3) Orc:2

Altars:
Ashenzari
Cheibriados
Dithmenos
Fedhas
Gozag
Hepliaklqana
Kikubaaqudgha
Makhleb
Nemelex Xobeh
Okawaru
Qazlal
Ru
Sif Muna
Trog
Uskayaw
Vehumet
Wu Jian
Xom
Yredelemnul
Beogh

Shops:
D:3 :   D:4 *   D:9 (=:[?   Orc:2 !*!(

Annotations:
D:11 1 runed translucent door, p0werm0de's ghost, journeyman MDCK
Lair:3 Nessos


Innate Abilities, Weirdness & Mutations

Your natural rate of healing is accelerated.
You have razor-sharp teeth.
You have supernaturally acute eyesight. (SInv)
You are afflicted with vampirism and can become a bat while bloodless.


Message History

You feel very sick.
Nessos shoots an arrow.
The arrow hits you!!
* * * LOW HITPOINT WARNING * * *
The arrow burns you.
* * * LOW HITPOINT WARNING * * *
The cane toad stings you but does no damage.
Nessos gestures wildly while chanting.
Nessos blinks!
The cane toad stings you.
* * * LOW HITPOINT WARNING * * *
You are lethally poisoned!
The cane toad poisons you!
* * * LOW HITPOINT WARNING * * *
You feel extremely sick.
You feel better.
Nessos stands on their hind legs for a moment.
The cane toad stings you.
* * * LOW HITPOINT WARNING * * *
You are poisoned.
The cane toad poisons you!
You draw a card...
You have drawn the Pentagram.
You feel very sick. The cane toad barely misses you.
An eight-headed hydra comes into view.
You swap places.
You feel very sick.
The cane toad closely misses your hell hound.
Your hell hound barely misses the cane toad.
Nessos casts a spell.
Nessos blinks!
You feel sick.
Your chaos spawn stings the cane toad!
Your chaos spawn sears the cane toad!
Okay, then.
Unknown command.
As you read the scroll of teleportation, it crumbles to dust.
You feel strangely unstable.
You feel sick.
Nessos shoots an arrow.
The arrow hits your hell hound!
Nessos gestures wildly while chanting.
Nessos blinks!
The cane toad stings you!
You die...
Your body disappears without a glow.

......................P...##.#.
...............................
.............c.................
...............................
...........†................†..
.................>..........†..
......P.P.h##4.........<.......
........D....F.......P.%.......
........:##.#@.....PP....[....
.##....######................
#.... ................ #....
................ ......
................ .....
..(.#.#.^....... #... ...## #
...#


You could see Nessos (fast, ally target), an eight-headed hydra, a cane toad
(ally target), a friendly chaos spawn (summoned) and a friendly hell hound
(summoned).

Vanquished Creatures
  3 orc warlords
  Snorg (D:11)
  Fannar (D:10)
  Josephine (D:10)
  Erolcha (D:10)
  2 hydras
  2 centaur warriors
  4 two-headed ogres
  2 orc high priests
  Urug (Orc:2)
  7 orc knights
  2 ugly things
  2 cyclopes
  A deep elf pyromancer (D:8)
  10 orc sorcerers
  5 kobold blastminers
  2 manticores (D:11)
  6 black mambas
  6 cane toads
  Joseph (Lair:1)
  An efreet (D:10)
  A rime drake (Lair:2)
  3 komodo dragons (Lair:1)
  2 polar bears (Lair:1)
  A wind drake (Orc:2)
  3 hornets
  7 trolls
  9 blink frogs (Lair:2)
  Prince Ribbit (D:5)
  2 dream sheep (Lair:3)
  A slime creature (D:9)
  A shadow (D:9)
  6 wraiths
  24 yaks
  A yak (shapeshifter) (D:9)
  A basilisk (Lair:2)
  5 wyverns
  4 steam dragons
  5 vampire mosquitoes
  4 wargs
  6 acid dragons
  7 water moccasins
  An ice beast (D:5)
  3 black bears
  2 sky beasts
  62 orc warriors
  17 ogres
  12 centaurs
  2 kobold brigands
  11 bullfrogs
  A bullfrog (shapeshifter) (D:8)
  2 gnoll sergeants
  2 scorpions
  13 wights
  A killer bee (D:8)
  4 howler monkeys
  3 bombardier beetles
  2 hounds
  A gnoll bouda (D:8)
  2 jellies
  36 orc priests
  2 iguanas (D:6)
  22 orc wizards
  12 gnolls
  13 adders
  4 river rats (D:7)
  A shadow imp (D:6)
  4 white imps
  2 ufetubi (D:7)
  4 dart slugs
  138 orcs
  8 endoplasms
  4 giant cockroaches
  6 goblins
  5 hobgoblins
  5 jackals
  12 kobolds
  5 quokkas
  9 ball pythons
  7 bats
  4 frilled lizards
  9 rats
608 creatures vanquished.

Vanquished Creatures (collateral kills)
  An orc warlord (Orc:1)
  A fire dragon (D:9)
  A centaur warrior (D:9)
  An orc sorcerer (Orc:1)
  3 orc knights
  3 kobold blastminers
  2 dream sheep (Lair:3)
  A slime creature (D:9)
  A wyvern (D:9)
  3 yaks (D:11)
  2 vampire mosquitoes (D:10)
  A steam dragon (D:9)
  An acid dragon (D:9)
  2 orc warriors
  A centaur (D:9)
  2 bullfrogs (D:9)
  3 wights
  An orc priest (Orc:1)
  An orc wizard (Orc:2)
  8 orcs
39 creatures vanquished.

Vanquished Creatures (others)
  A troll (Orc:2)
  An electric eel (D:10)
  2 orcs (Orc:2)
  A giant cockroach (Orc:2)
  A kobold (Orc:2)
6 creatures vanquished.

Grand Total: 653 creatures vanquished

Notes
Turn   | Place    | Note
-------+----------+-------------------------------------------
     0 | D:1      | Armakuni the Vampire Wanderer began the quest for the Orb.
     0 | D:1      | Armakuni set off with the following items: a +2 dagger, 4
                  | curare-tipped darts, a +0 sling, a +0 helmet, a potion of
                  | attraction, a +0 leather armour.
     0 | D:1      | Reached XP level 1. HP: 16/16 MP: 1/1
   101 | D:1      | Reached XP level 2. HP: 18/22 MP: 2/2
   200 | D:1      | Identified a scroll of acquirement
   200 | D:1      | Acquired 699 gold pieces
   343 | D:1      | Gained mutation: You are afflicted with vampirism and can
                  | become a bat while bloodless. [Vampire growth]
   343 | D:1      | Reached XP level 3. HP: 20/27 MP: 3/3
  1192 | D:2      | Reached XP level 4. HP: 29/34 MP: 4/4
  1491 | D:2      | Found a faded altar of an unknown god.
  1517 | D:2      | Prayed at the altar of an unknown god.
  1517 | D:2      | Became a worshipper of Nemelex Xobeh the Trickster
  1517 | D:2      | Reached * piety under Nemelex Xobeh
  1517 | D:2      | Received a gift from Nemelex Xobeh
  1759 | D:2      | Reached skill level 1 in Invocations
  1888 | D:3      | Found Mirahant's Vocational Training.
  1945 | D:3      | Reached XP level 5. HP: 41/41 MP: 6/6
  2023 | D:3      | Acquired the +7 dire flail "Tomeonud" {freeze, Str+2 SInv}
  2371 | D:4      | Reached skill level 1 in Maces & Flails
  2424 | D:4      | Noticed an ogre
  2441 | D:4      | Killed an ogre
  2442 | D:4      | Reached XP level 6. HP: 35/47 MP: 7/7
  2522 | D:4      | Found Yjicsef's General Store.
  2870 | D:5      | Entered Level 5 of the Dungeon
  2934 | D:5      | Reached ** piety under Nemelex Xobeh
  2934 | D:5      | Received a gift from Nemelex Xobeh
  2959 | D:5      | Found a blossoming altar of Fedhas.
  3058 | D:5      | Noticed a sky beast
  3059 | D:5      | Noticed an ice beast
  3060 | D:5      | Found a stormy altar of Qazlal.
  3060 | D:5      | Noticed Prince Ribbit
  3074 | D:5      | Killed a sky beast
  3075 | D:5      | Reached XP level 7. HP: 46/52 MP: 8/8
  3078 | D:5      | Reached skill level 5 in Maces & Flails
  3105 | D:5      | Reached skill level 1 in Armour
  3105 | D:5      | Found a basalt altar of Yredelemnul.
  3139 | D:5      | Killed Prince Ribbit
  3146 | D:5      | Identified the ring of Mutualism {Fire Dex+3 Slay+3}
  3266 | D:3      | Bought a manual of Invocations for 960 gold pieces
  3412 | D:5      | Reached XP level 8. HP: 58/58 MP: 11/11
  3436 | D:5      | Reached skill level 5 in Invocations
  3810 | D:6      | Found a staircase to the Ecumenical Temple.
  3844 | Temple   | Entered the Ecumenical Temple
  4367 | D:6      | Found an ornate altar of the Wu Jian Council.
  4782 | D:7      | Reached skill level 10 in Invocations
  4784 | D:7      | Reached XP level 9. HP: 38/63 MP: 16/16
  4864 | D:7      | Reached *** piety under Nemelex Xobeh
  5067 | D:7      | Found an ancient bone altar of Kikubaaqudgha.
  5145 | D:7      | Found a sacrificial altar of Ru.
  5649 | D:7      | Found a burning altar of Makhleb.
  5945 | D:8      | Noticed a two-headed ogre
  5958 | D:8      | Killed a two-headed ogre
  5978 | D:8      | Found an iron altar of Okawaru.
  6166 | D:8      | Reached skill level 1 in Long Blades
  6181 | D:8      | Noticed a centaur warrior
  6193 | D:8      | Killed a centaur warrior
  6194 | D:8      | Reached skill level 4 in Long Blades
  6194 | D:8      | Reached XP level 10. HP: 34/70 MP: 19/19
  6319 | D:8      | Found a shimmering blue altar of Sif Muna.
  6370 | D:8      | Received a gift from Nemelex Xobeh
  6796 | D:9      | Reached skill level 5 in Long Blades
  6887 | D:9      | Noticed a fire dragon
  6998 | D:9      | Found Cuonk's Magic Scroll Shoppe.
  7077 | D:9      | Reached skill level 6 in Long Blades
  7202 | D:9      | Noticed a walking earthen tome
  7203 | D:9      | Found Zunkuil's Book Shoppe.
  7203 | D:9      | Noticed a walking frostbound tome
  7235 | D:9      | Reached skill level 7 in Long Blades
  7289 | D:8      | Noticed a deep elf pyromancer
  7302 | D:8      | Killed a deep elf pyromancer
  7303 | D:8      | Reached skill level 8 in Long Blades
  7399 | D:10     | Entered Level 10 of the Dungeon
  7645 | D:10     | Noticed Fannar
  7685 | D:10     | Noticed Erolcha
  7699 | D:10     | Killed Erolcha
  7700 | D:10     | Reached skill level 9 in Long Blades
  7731 | D:9      | HP: 3/70 [steam dragon] (4)]
  7897 | D:9      | Noticed an eight-headed hydra
  7898 | D:9      | Killed a fire dragon
  7899 | D:9      | Reached skill level 10 in Long Blades
  7899 | D:9      | Reached XP level 11. HP: 54/75 MP: 20/20
  7905 | D:9      | Killed an eight-headed hydra
  8062 | D:9      | Found Qedul's Jewellery Emporium.
  8073 | D:9      | Found Viefemm's Antique Armour Emporium.
  8122 | D:9      | Reached **** piety under Nemelex Xobeh
  8122 | D:9      | Received a gift from Nemelex Xobeh
  8129 | D:9      | Noticed a two-headed ogre
  8149 | D:9      | Killed a two-headed ogre
  8150 | D:9      | Reached skill level 11 in Long Blades
  8328 | D:9      | Noticed a white ugly thing
  8329 | D:9      | Noticed a centaur warrior
  8340 | D:9      | Killed a white ugly thing
  8347 | D:9      | Killed a centaur warrior
  8348 | D:9      | Reached skill level 12 in Long Blades
  8500 | D:9      | Identified the +8 morningstar "Gohytsud" {heavy, rN+ Will-
                  | Str+2 Int+2}
  8573 | D:9      | Noticed a centaur warrior
  8585 | D:9      | Killed a centaur warrior
  8691 | D:9      | Reached skill level 13 in Long Blades
  9090 | D:9      | Identified the +6 glaive "Zamuhum" {flame, Int+3 Stlth+}
  9182 | D:9      | Found Boanum's Weapon Emporium.
  9251 | D:9      | Identified the +8 battleaxe of Entrepreneurial Spirit
                  | {freeze, Str+2}
  9470 | D:10     | Received a gift from Nemelex Xobeh
  9614 | D:10     | Noticed Josephine
  9619 | D:10     | Killed Josephine
  9620 | D:10     | Reached skill level 14 in Long Blades
  9620 | D:10     | Reached XP level 12. HP: 66/81 MP: 21/21
  9902 | D:10     | Killed Fannar
 10269 | D:11     | Found a runed translucent door.
 10340 | D:11     | Reached skill level 15 in Long Blades
 10537 | D:11     | Received a gift from Nemelex Xobeh
 10829 | D:11     | Noticed p0werm0de's ghost (journeyman MDCK)
 10889 | D:11     | Noticed Snorg
 10896 | D:11     | Killed Snorg
 11049 | D:11     | Found a staircase to the Lair.
 11078 | D:11     | Reached skill level 5 in Dodging
 11189 | D:11     | Found a staircase to the Orcish Mines.
 11241 | Orc:1    | Entered Level 1 of the Orcish Mines
 11244 | Orc:1    | Reached ***** piety under Nemelex Xobeh
 11348 | Orc:1    | Noticed an orc warlord
 11379 | Orc:1    | Killed an orc warlord
 11622 | Orc:1    | Reached XP level 13. HP: 72/86 MP: 22/22
 11701 | Orc:1    | Noticed an orc warlord
 11971 | Lair:1   | Entered Level 1 of the Lair of Beasts
 11992 | Lair:1   | Reached skill level 10 in Dodging
 12343 | D:12     | Received a gift from Nemelex Xobeh
 12410 | D:11     | Killed an orc warlord
 12515 | Orc:1    | Noticed an orc warlord
 12568 | Orc:1    | Killed an orc warlord
 12569 | Orc:1    | Reached skill level 5 in Fighting
 12944 | D:9      | Bought a scroll of acquirement for 884 gold pieces
 12944 | D:9      | Acquired a +0 double sword of draining
 13090 | Orc:2    | Entered Level 2 of the Orcish Mines
 13772 | Orc:2    | Found a roughly hewn altar of Beogh.
 13879 | Orc:2    | Received a gift from Nemelex Xobeh
 14090 | Orc:2    | Found Juop's Distillery.
 14101 | Orc:2    | Found Uren's Weapon Shop.
 14733 | Orc:2    | Found a staircase to the Elven Halls.
 14775 | Orc:2    | Received a gift from Nemelex Xobeh
 14959 | Orc:2    | Noticed Urug
 14978 | Orc:2    | Killed Urug
 14979 | Orc:2    | Reached skill level 10 in Fighting
 15009 | Orc:2    | Noticed an orc warlord
 15038 | Orc:2    | Reached XP level 14. HP: 49/110 MP: 23/23
 15045 | Orc:2    | Killed an orc warlord
 15666 | Orc:2    | Found a roughly hewn altar of Beogh.
 15684 | Orc:2    | Found Hyengol's Distillery.
 15850 | Orc:2    | Reached skill level 16 in Long Blades
 16243 | Orc:2    | Received a gift from Nemelex Xobeh
 16301 | Orc:2    | Found Raeschuka's Assorted Antiques.
 16553 | Lair:1   | Noticed Joseph
 16567 | Lair:1   | Killed Joseph
 16697 | Lair:1   | Found an iron altar of Okawaru.
 17631 | Lair:2   | Received a gift from Nemelex Xobeh
 17805 | Lair:2   | Reached skill level 17 in Long Blades
 17942 | Lair:2   | Found a staircase to the Snake Pit.
 18627 | Lair:3   | Received a gift from Nemelex Xobeh
 18724 | Lair:3   | Found a staircase to the Shoals.
 18858 | Lair:3   | Noticed Nessos
 18869 | Lair:3   | Slain by a cane toad

Illustrated notes

Levels and vault maps discovered:
D:1:      amcnicky_arrival_abandoned_market, layout_basic, minmay_cut_off
D:2:      layout_basic, hellmonk_ecumenical_altar_slurped_away
D:3:      layout_rooms, nicolae_shop_vocational
D:4:      layout_rooms, serial_rivers, chequers_serial_rivers_micro_d,
          chequers_serial_rivers_small_b, chequers_serial_rivers_micro_a,
          chequers_serial_rivers_small_b, serial_shops, nicolae_lakefront_shop,
          kennysheep_generic_room_9
D:5:      layout_basic, mainiacjoe_overflow_catwalk, jmf_multi_god_temple,
          uniq_prince_ribbit1
D:6:      layout_loops_ring, nzn_wu_jian_council_hall,
          minmay_temple_entry_slanted, dreamdust_princess_bridge,
          lexackson_kobold_supper
D:7:      wad_woods_stonehenge, layout_basic, nicolae_ru_awakened_eye,
          lemuel_round_altar, kennysheep_mini_moat, serial_park_tiny_2,
          grunt_ministairs_6, dk_noncrumbling_2
D:8:      minmay_diamond_stairs, layout_basic,
          mainiacjoe_overflow_cross_hatched, nicolae_sif_muna_condensation
D:9:      minmay_the_grid_3x3 [minmay_the_grid_odd_star,
          minmay_the_grid_small_cups, minmay_the_grid_aliased_spiral,
          minmay_the_grid_expand, minmay_the_grid_diamond_grid,
          minmay_the_grid_minigrid_small, minmay_the_grid_large_cup,
          minmay_the_grid_spin_star, minmay_the_grid_prize_trominoes],
          layout_loops_corners, serial_shops, nicolae_shop_mannequins,
          nicolae_shop_statue_plus, shop_fountains, nicolae_shop_gaudy_bauble,
          nicolae_shop_statue_plus, wad_floor_pattern_untrapped
D:10:     layout_loops_cross, hive_lemuel, uniq_fannar, uniq_erolcha,
          uniq_josephine
D:11:     layout_loops_ring, lair_entry_dummy, hiddenorc1_lemuel,
          hellmonk_ghost_happy_afterlife, special_room [special_room_orc],
          serial_bayou_crossing, uniq_snorg
D:12:     layout_cave_pods, nrook_mini_backslash, st_stairs_3
Temple:   hellmonk_temple_forest_ring
Lair:1:   layout_regular_city, lemuel_centaur_altar, grunt_megastairs_2,
          uniq_joseph
Lair:2:   layout_regular_city, dummy_snake_entry, grunt_megastairs_1
Lair:3:   layout_gridlike, minmay_shoals_entry_centaurs, uniq_nessos
Orc:1:    layout_caves, minmay_orc_treasury
Orc:2:    pubby_orc_utopia, uniq_urug

Skill      XL: |  1  2  3  4  5  6  7  8  9 10 11 12 13 14 |
---------------+-------------------------------------------+-----
Short Blades   | 2 3 |  3.0
Fighting       | 2 3 10 | 10.0
Invocations    | 2 4 10 13 | 13.0
Maces & Flails | 2 4 5 |  5.0
Armour         | 3 |  3.0
Long Blades    | 4 10 14 15 17 | 17.7
Dodging        | 9 10 | 10.0
Ranged Weapons | |  1.5
Throwing       | |  3.2

Action                     |  1- 3 |  4- 6 |  7- 9 | 10-12 | 13-15 || total
---------------------------+-------+-------+-------+-------+-------++-------
  Melee: Dagger            |   112 |   118 |       |       |       ||   230
         Bite              |    11 |    22 |    14 |    52 |    82 ||   181
         Dire flail        |       |    63 |   171 |   136 |       ||   370
         Great sword       |       |       |       |   307 |   725 ||  1032
         Scimitar          |       |       |       |       |     7 ||     7
  Throw: Dart              |     1 |     8 |    12 |    12 |     4 ||    37
         Throwing net      |       |       |       |       |     3 ||     3
 Invoke: Draw Destruction  |       |     2 |     8 |    17 |     8 ||    35
         Draw Summoning    |       |       |     1 |    10 |     7 ||    18
         Draw Escape       |       |       |       |     2 |     2 ||     4
         Stack Five        |       |       |       |       |     1 ||     1
         Draw Stack        |       |       |       |       |     1 ||     1
  Evoke: Wand              |       |     1 |     2 |     5 |    16 ||    24
         Phantom mirror    |       |       |       |       |     2 ||     2
         Sack of spiders   |       |       |       |       |     2 ||     2
    Use: Scroll            |     2 |     6 |     5 |    10 |     5 ||    28
         Potion            |       |       |     2 |     6 |     2 ||    10
   Stab: Invisible         |       |       |       |     8 |       ||     8
         Distracted        |       |       |       |     1 |       ||     1
         Sleeping          |       |       |       |     1 |       ||     1
         Held in net/web   |       |       |       |       |     2 ||     2
 Armour: Leather armour    |    27 |       |       |       |       ||    27
         Ring mail         |    16 |   102 |   122 |    40 |       ||   280
         Acid dragon scale |       |       |       |   188 |       ||   188
         Troll leather arm |       |       |       |    67 |   111 ||   178
         Plate armour      |       |       |       |       |   439 ||   439
  Dodge: Dodged            |    78 |   128 |   124 |   343 |   599 ||  1272

Table legend: (Time is in decaauts)
 A = Elapsed time spent in this place.
 B = Non-inter-level travel time spent in this place.
 C = Inter-level travel time spent in this place.
 D = Time resting spent in this place.
 E = Time spent auto-exploring this place.
 F = Levels seen in this place.
 G = Mean time per level.
                   A        B        C        D        E       F      G
               +--------+--------+--------+--------+--------+-----+--------+
         Total |  18815 |  17673 |   1142 |   2869 |   9931 |  18 | 1045.3 |
       Dungeon |  12272 |  11350 |    922 |   1944 |   6390 |  12 | 1022.7 |
        Temple |     51 |     51 |      0 |      0 |     50 |   1 |   51.0 |
          Lair |   2437 |   2360 |     77 |      0 |   1905 |   3 |  812.3 |
  Orcish Mines |   4054 |   3912 |    142 |    925 |   1585 |   2 | 2027.0 |
               +--------+--------+--------+--------+--------+-----+--------+

Top non-repeatable levels by time:
   Orc:2: 2755 daAuts
     D:9: 2298 daAuts
    D:11: 1627 daAuts
    D:10: 1405 daAuts
   Orc:1: 1298 daAuts
  Lair:2: 1265 daAuts
     D:7: 1237 daAuts
     D:8: 1060 daAuts
     D:6: 1057 daAuts
  Lair:1: 941 daAuts
     D:1: 858 daAuts
     D:2: 829 daAuts
     D:5: 664 daAuts
     D:4: 643 daAuts
     D:3: 579 daAuts
